 Dungeon Crawl Stone Soup version 0.26-a0-757-g626ac9e51a (webtiles) character file.

Game seed: 8714208994494667196

905 mattiecakes the Covered (level 8, -2/64 HPs)
             Began as a Barachi Fighter on Nov 7, 2020.
             Slain by an ogre
             ... wielding a +0 giant club
              (20 damage)
             ... on level 4 of the Dungeon.
             The game lasted 00:08:01 (4609 turns).

mattiecakes the Covered (Barachi Fighter)           Turns: 4609, Time: 00:08:01

Health: -2/64      AC:  8    Str: 20    XL:     8   Next: 8%
Magic:  8/8        EV:  9    Int:  9    God:
Gold:   202        SH: 10    Dex: 11    Spells: 7/7 levels left

rFire    . . .     SeeInvis .   a - +0 long sword
rCold    . . .     Faith    .   c - +0 kite shield
rNeg     . . .     Spirit   .   b - +0 scale mail
rPois    .         Reflect  .   s - +0 helmet
rElec    .         Harm     .   (no cloak)
rCorr    .         Rampage  .   (no gloves)
MR       .....                  (no boots)
Stlth    ..........             (no amulet)
HPRegen  0.20/turn              f - ring of wizardry
MPRegen  0.11/turn              (no ring)

@: slow
A: +LOS, swims, slowness 1, strong legs 1
a: Hop


You were on level 4 of the Dungeon.
You visited 1 branch of the dungeon, and saw 4 of its levels.
You also visited: Sewer.

You collected 202 gold pieces.

Inventory:

Hand Weapons
 a - a +0 long sword (weapon)
Armour
 b - a +0 scale mail (worn)
 c - a +0 kite shield (worn)
 s - a +0 helmet (worn)
Jewellery
 f - a ring of wizardry (left hand)
 o - a cursed -4 ring of dexterity {unknown}
Scrolls
 d - a scroll of blinking {unknown}
 e - a scroll of noise {unknown}
 g - 3 scrolls of fog {unknown}
 h - 6 scrolls of teleportation
 i - 2 scrolls of amnesia
 j - 3 scrolls of remove curse {unknown}
 k - 3 scrolls of fear {unknown}
 l - 7 scrolls of identify {unknown}
 m - 2 scrolls of magic mapping {unknown}
 p - a scroll of enchant armour {unknown}
 r - a scroll of enchant weapon {unknown}
Potions
 n - a potion of curing
 q - 3 potions of invisibility {unknown}


   Skills:
 + Level 6.0 Fighting
 + Level 5.3 Long Blades
 + Level 6.0 Armour
 + Level 4.1 Dodging
 + Level 5.4 Shields


You had 7 spell levels left.
You didn't know any spells.
Your spell library was empty.

Dungeon Overview and Level Annotations

Branches:
Dungeon (4/15)              Sewer (visited)
 Temple: D:4-7

Altars:
Nemelex Xobeh


Innate Abilities, Weirdness & Mutations

You can be seen from farther away. (+LOS)
You can swim through water.
You cover ground slowly.
You can hop short distances.


Message History

You are too injured to fight recklessly!
Unknown command.
Unknown command.
You hit the ogre but do no damage.
The ogre is moderately wounded.
The ogre closely misses you.
You hit the ogre.
The ogre is heavily wounded.
The ogre misses you.
You hit the ogre.
The ogre is severely wounded.
The ogre hits you with a +0 giant club!
* * * LOW HITPOINT WARNING * * *
You hit the ogre.
The ogre is severely wounded.
You block the ogre's attack.
You hit the ogre but do no damage.
The ogre is severely wounded.
The ogre hits you with a +0 giant club!!
You die...

...########..#..#####
#### ..## #..####..>
.## #..###.[. .##
#.....# ..#####
#.....# #.....##
#.....#
#####(.#####.....#
######
##...........#.......
###########@O(......
.......[.........
##########<......
....... ...... ######


You could see an ogre.

Vanquished Creatures
  Sigmund (D:2)
  A phantom (D:4)
  Purgy (Sewer)
  A bullfrog (D:4)
  An orc priest (D:4)
  4 orc wizards (D:4)
  A bullfrog skeleton (D:4)
  Jessica (D:2)
  Terence (D:2)
  2 worker ants
  A hound skeleton (D:4)
  5 gnolls
  7 adders
  2 river rats (D:3)
  A dart slug (D:1)
  A leopard gecko (D:2)
  10 orcs
  5 ball pythons
  4 giant cockroaches
  7 goblins
  5 hobgoblins
  6 jackals
  2 quokkas
  5 bats
  13 frilled lizards
  10 kobolds
  3 rats
101 creatures vanquished.

Notes
Turn   | Place    | Note
-------+----------+-------------------------------------------
     0 | D:1      | mattiecakes the Barachi Fighter began the quest for the
                  | Orb.
     0 | D:1      | Reached XP level 1. HP: 18/18 MP: 1/1
   132 | D:1      | Reached XP level 2. HP: 17/25 MP: 2/2
   704 | D:1      | Reached skill level 1 in Dodging
   733 | D:1      | Reached XP level 3. HP: 26/30 MP: 3/3
  1114 | D:2      | Noticed Jessica
  1120 | D:2      | Killed Jessica
  1120 | D:2      | Reached XP level 4. HP: 33/37 MP: 4/4
  1734 | D:2      | Noticed Terence
  1736 | D:2      | Noticed Sigmund
  1751 | D:2      | Killed Terence
  1751 | D:2      | Reached XP level 5. HP: 20/43 MP: 5/5
  2210 | D:2      | Killed Sigmund
  2210 | D:2      | Reached XP level 6. HP: 36/50 MP: 6/6
  2302 | D:2      | Reached skill level 5 in Fighting
  2655 | D:2      | Reached skill level 5 in Armour
  2815 | D:3      | Found a glowing drain.
  2831 | Sewer    | Entered a sewer
  3022 | Sewer    | Noticed Purgy
  3031 | Sewer    | Killed Purgy
  3031 | Sewer    | Reached XP level 7. HP: 38/56 MP: 7/7
  3708 | D:3      | Found a sparkling altar of Nemelex Xobeh.
  4186 | D:4      | Reached skill level 5 in Shields
  4290 | D:4      | Reached skill level 5 in Long Blades
  4421 | D:4      | Reached XP level 8. HP: 52/64 MP: 8/8
  4609 | D:4      | Slain by an ogre

Illustrated notes

Levels and vault maps discovered:
D:1:      ncdulo_halloftheorcs, layout_loops_corners, solitary_fountain
D:2:      layout_basic, uniq_sigmund, uniq_jessica, uniq_terence
D:3:      layout_loops_cross, nemelex_xobeh_ov_fountains_minmay,
          cheibrodos_sewer_entry_sluice
D:4:      minmay_chambers_of_twos, layout_rooms

Skill      XL: |  1  2  3  4  5  6  7  8 |
---------------+-------------------------+-----
Dodging        | 1 2 3 4 |  4.1
Fighting       | 4 5 6 |  6.0
Armour         | 4 5 6 |  6.0
Long Blades    | 3 4 5 |  5.3
Shields        | 4 5 |  5.4

Action                   |  1- 3 |  4- 6 |  7- 9 || total
-------------------------+-------+-------+-------++-------
Melee: Long sword        |    85 |   153 |   138 ||   376
  Use: Potion            |       |     6 |       ||     6
       Scroll            |       |     2 |       ||     2
Armor: Scale mail        |    43 |    56 |    33 ||   132
       Skin              |       |    19 |       ||    19
Dodge: Dodged            |    25 |    63 |    60 ||   148
Block: Kite shield       |    40 |    80 |    60 ||   180
       Rpst.: Long sword |     9 |    15 |    16 ||    40

Table legend: (Time is in decaauts)
 A = Elapsed time spent in this place.
 B = Non-inter-level travel time spent in this place.
 C = Inter-level travel time spent in this place.
 D = Time resting spent in this place.
 E = Time spent auto-exploring this place.
 F = Levels seen in this place.
 G = Mean time per level.
                   A        B        C        D        E       F      G
               +--------+--------+--------+--------+--------+-----+--------+
         Total |   5138 |   5030 |    108 |    791 |   3324 |   5 | 1027.6 |
       Dungeon |   4679 |   4571 |    108 |    607 |   3140 |   4 | 1169.8 |
         Sewer |    458 |    458 |      0 |    184 |    184 |   1 |  458.0 |
               +--------+--------+--------+--------+--------+-----+--------+

Top non-repeatable levels by time:
     D:2: 1758 daAuts
     D:1: 1262 daAuts
     D:3: 832 daAuts
     D:4: 825 daAuts
   Sewer: 458 daAuts
